 Dungeon Crawl Stone Soup version 0.18-a0-1-gfac8111 (webtiles) character file.

248 Duffy the Chopper (level 6, -4/84 HPs)
             Began as a Naga Berserker on Oct 30, 2015.
             Was a Believer of Trog.
             Slain by a gnoll
             ... wielding a +0 spear
              (8 damage)
             ... on level 4 of the Dungeon.
             The game lasted 00:04:00 (3740 turns).

Duffy the Chopper (Naga Berserker)                  Turns: 3740, Time: 00:04:00

Health: -4/84      AC:  4    Str: 25    XL:     6   Next: 12%
Magic:  6/6        EV:  9    Int:  7    God:    Trog [**....]
Gold:   195        SH:  0    Dex: 12    Spells: 0 memorised, 5 levels left

rFire  . . .     SeeInvis +     y - +0 war axe
rCold  . . .     Clarity  .     d - +0 ring mail
rNeg   . . .     SustAt   .     (no shield)
rPois  +         Gourm    .     (no helmet)
rElec  .         Spirit   .     (no cloak)
rCorr  .         Warding  .     (no gloves)
rMut   .         Stasis   .     (no barding)
MR     .....                    (no amulet)
Stlth  ..........               (no ring)
                                (no ring)

@: berserking, quick, not resistant to hostile enchantments, extremely
unstealthy
A: see invisible, deformed body, poison resistance, slowness 2, slow metabolism
1, spit poison 2, AC +2
a: Spit Poison, Berserk, Trog's Hand, Burn Spellbooks, Renounce Religion


You were on level 4 of the Dungeon.
You worshipped Trog.
Trog was pleased with you.
You were not hungry.

You visited 1 branch of the dungeon, and saw 4 of its levels.

You collected 195 gold pieces.


Innate Abilities, Weirdness & Mutations

You cannot wear boots.
Your serpentine skin is tough (AC +2).
You have supernaturally acute eyesight.
Armour fits poorly on your strangely shaped body.
Your system is resistant to poisons.
You cover ground very slowly.
You have a slow metabolism.
You can spit poison.


   Skills:
 - Level 3.0 Fighting
 + Level 6.6 Axes
 - Level 1.5 Armour
 - Level 1.5 Dodging


You had 5 spell levels left.
You didn't know any spells.

Inventory:

Hand Weapons
 a - a +0 hand axe
 y - a +0 war axe (weapon)
Missiles
 e - 130 stones (quivered)
 j - 12 poisoned needles
 r - 8 tomahawks
 z - a throwing net
Armour
 b - a +0 animal skin
 d - a +0 ring mail (worn)
 k - a +0 plate armour
Jewellery
 g - an uncursed ring of ice
Wands
 x - a wand of paralysis (22)
Scrolls
 h - 2 scrolls of amnesia {unknown}
 i - 2 scrolls of remove curse
 l - a scroll of enchant armour {unknown}
 n - a scroll of teleportation {unknown}
 A - a scroll of magic mapping {unknown}
Potions
 f - a potion of lignification
 m - a potion of ambrosia
 p - a potion of agility {unknown}
 s - 2 potions of poison {unknown}
 t - a potion of flight {unknown}
 w - a potion of degeneration {unknown}
Comestibles
 c - 4 bread rations
 q - 2 slices of pizza
 u - a royal jelly
 v - a beef jerky

Dungeon Overview and Level Annotations

Branches:
Dungeon (4/15)
 Temple: D:4-7

Altars:
Trog
Vehumet
The Shining One


Message History

You feel somewhat more hungry. The gnoll hits you but does no damage.
The gnoll hits you.
You feel a strong urge to attack something.
The gnoll hits you with a whip. The gnoll hits you with a spear.
The gnoll hits you but does no damage.
You are too injured to fight recklessly!
You are too injured to fight recklessly!
You are too injured to fight recklessly!
You are too injured to fight recklessly!
You closely miss the gnoll. You barely miss the gnoll.
You closely miss the gnoll. The gnoll hits you with a whip.
The gnoll hits you with a spear! The gnoll hits you but does no damage.
You barely miss the gnoll. You slash the gnoll!
The gnoll is heavily wounded.
You slash the gnoll!
The gnoll is almost dead.
The gnoll hits you with a whip! The gnoll barely misses you.
You hit the gnoll.
The gnoll is moderately wounded.
You barely miss the gnoll.
The gnoll is almost dead.
You barely miss the gnoll.
The gnoll is heavily wounded.
The gnoll hits you but does no damage. The gnoll hits you with a whip.
The gnoll hits you with a spear!
You slice the gnoll!!
You kill the gnoll!
Trog accepts your kill.
You closely miss the gnoll.
The gnoll is almost dead.
You barely miss the gnoll.
The gnoll is heavily wounded.
You have got your breath back.
The gnoll barely misses you. The gnoll hits you with a spear!
You die...

......#+###..##+####
......#............#
......#............+
......#..[.........#
......#............#
......'...........##
......##.######...#
###....#.######g..##..#
..#....#....#..)@.....#
..'....#....#..g......#
..#....#....#.........#
###....################
######


You could see 2 gnolls.

Action                   |  1- 3 |  4- 6 || total
-------------------------+-------+-------++-------
Melee: Hand axe          |    96 |    11 ||   107
       War axe           |       |    64 ||    64
Invok: Berserk           |     1 |     3 ||     4
       Burn Spellbooks   |     1 |       ||     1
 Abil: Spit Poison       |     6 |     5 ||    11
  Use: Scroll            |     1 |     3 ||     4
  Eat: Chunk             |     5 |     6 ||    11

Notes
Turn   | Place    | Note
--------------------------------------------------------------
     0 | D:1      | Duffy the Naga Berserker began the quest for the Orb.
     0 | D:1      | Reached XP level 1. HP: 21/21 MP: 1/1
     2 | D:1      | Noticed an ogre
     2 | D:1      | Noticed a dwarf
     4 | D:1      | Noticed an octopode
     4 | D:1      | Noticed a draconian
     6 | D:1      | Noticed a spriggan
     8 | D:1      | Noticed a felid
     8 | D:1      | Noticed a human
    10 | D:1      | Noticed a tengu
    10 | D:1      | Noticed a merfolk
    12 | D:1      | Noticed a minotaur
    12 | D:1      | Noticed a centaur
    14 | D:1      | Noticed a gargoyle
    14 | D:1      | Noticed a demigod
    16 | D:1      | Noticed an elf
    18 | D:1      | Noticed a naga
    18 | D:1      | Noticed a formicid
    20 | D:1      | Noticed a vampire
    22 | D:1      | Noticed a ghoul
    22 | D:1      | Noticed a vine stalker
    24 | D:1      | Noticed a demonspawn
    26 | D:1      | Noticed a troll
   839 | D:1      | Reached XP level 2. HP: 17/28 MP: 2/2
  1676 | D:2      | Reached skill level 4 in Axes
  1925 | D:2      | Reached XP level 3. HP: 23/34 MP: 3/3
  2560 | D:3      | Reached XP level 4. HP: 42/42 MP: 4/4
  2592 | D:3      | Reached ** piety under Trog
  2651 | D:3      | Found a radiant altar of Vehumet.
  2663 | D:3      | Found a bloodstained altar of Trog.
  2666 | D:3      | Found a glowing golden altar of the Shining One.
  2825 | D:3      | Reached skill level 5 in Axes
  3141 | D:4      | Reached XP level 5. HP: 49/49 MP: 5/5
  3527 | D:4      | Reached skill level 6 in Axes
  3531 | D:4      | Reached XP level 6. HP: 56/56 MP: 6/6
  3740 | D:4      | Slain by a gnoll

Vault maps used:
D:1:      kb_arrival_jail
D:3:      grunt_temple_overflow_open, first_bread, minmay_misc_feat_hallway

Vanquished Creatures
  A hound
  3 orc wizards
  2 gnolls
  4 adders
  3 worms
  A giant gecko
  10 orcs
  A ball python
  3 bats
  A giant cockroach
  3 goblins
  2 hobgoblins
  A quokka
  2 giant newts
  7 jackals
  6 kobolds
  9 rats
59 creatures vanquished.
